 Dungeon Crawl Stone Soup version 0.29.1-1-gd02db6906a (webtiles) character file.

Game seed: 2448975205479080241

62 Iwiine the Sneak (level 3, -4/20 HPs)
             Began as a Vampire Earth Elementalist on Oct 11, 2022.
             Was a Believer of Vehumet.
             Slain by a goblin
             ... wielding a +0 club
             ... led by Robin
              (6 damage)
             ... on level 2 of the Dungeon.
             The game lasted 00:10:24 (1664 turns).

Iwiine the Sneak (Vampire Earth Elementalist)       Turns: 1664, Time: 00:10:25

Health: -4/20      AC:  2    Str:  7    XL:     3   Next: 85%
Magic:  1/6        EV: 12    Int: 19    God:    Vehumet [**....]
Gold:   156        SH:  0    Dex: 14    Spells: 5/6 levels left

rFire   . . .      SeeInvis +   (no weapon)
rCold   + + .      Faith    .   (no shield)
rNeg    + + +      Spirit   .   a - +0 robe
rPois   ∞          Reflect  .   (no helmet)
rElec   .          Harm     .   (no cloak)
rCorr   .          Rampage  .   (no gloves)
Will    .....                   (no boots)
Stlth   +++++.....              (no amulet)
HPRegen 0.00/turn               (no ring)
MPRegen 0.10/turn               (no ring)

@: bloodless, inhibited regen
A: bloodless, fangs 3, see invisible, vampiric 2
a: Bat Form, Revivify, Renounce Religion


You were on level 2 of the Dungeon.
You worshipped Vehumet.
Vehumet was pleased with you.
You visited 1 branch of the dungeon, and saw 2 of its levels.

You collected 156 gold pieces.

Inventory:

Hand Weapons
 d - a +0 dagger
Armour
 a - a +0 robe (worn)
Wands
 l - a wand of paralysis (11)
Scrolls
 c - a scroll of noise {unknown}
 e - a scroll of vulnerability {unknown}
 f - a scroll of amnesia {unknown}
 h - a scroll of butterflies {unknown}
 i - a scroll of teleportation {unknown}
Potions
 b - a potion of magic
 g - a potion of flight {unknown}
 j - a potion of haste {unknown}
 k - a potion of ambrosia {unknown}


   Skills:
 + Level 1.1 Fighting
 - Level 2.3 Dodging
 + Level 4.0 Stealth
 - Level 2.1 Spellcasting
 - Level 1.3 Transmutations
 * Level 3.9 Earth Magic


You had 5 spell levels left.
You knew the following spells:

 Your Spells              Type           Power      Damage    Failure   Level
a - Sandblast             Erth           32%        2d9       3%          1

Your spell library contained the following spells:

 Spells                   Type           Power      Damage    Failure   Level
 Poisonous Vapours        Pois/Air       4%         N/A       26%         2
 Passwall                 Tmut/Erth      10%        N/A       9%          2
 Stone Arrow              Conj/Erth      18%        3d8       22%         3
 Ensorcelled Hibernation  Hex/Ice        4%         N/A       26%         2
 Swiftness                Air            2%         N/A       45%         3
 Petrify                  Tmut/Erth      12%        N/A       50%         4


Dungeon Overview and Level Annotations

Branches:
Dungeon (2/15)

Altars:
Vehumet

Shops:
D:1 :(   D:2 =[([[

Annotations:
D:2 Robin


Innate Abilities, Weirdness & Mutations

You do not regenerate when monsters are visible.
You are frail without blood (-20% HP).
You can heal yourself when you bite living creatures.
You are immune to poison.
You have razor-sharp teeth.
You have supernaturally acute eyesight. (SInv)
You are afflicted with vampirism and can become a bat while bloodless.


Message History

Aiming: Sandblast (safe; 3% risk of failure)
Press: ? - help, Shift-Dir - straight line, f - goblin
Aim: a goblin, wielding a +1 short sword of draining (strong, 77% to hit)
The blast of sand hits the goblin.
You kill the goblin!
Vehumet accepts your kill. The goblin hits you but does no damage.
The goblin hits you with a +0 club.
Unknown command.
Casting: Sandblast (safe; 3% risk of failure)
Confirm with . or Enter, or press ? or * to list all spells.
Aiming: Sandblast (safe; 3% risk of failure)
Press: ? - help, Shift-Dir - straight line, f - goblin
Aim: a goblin, wielding a +0 dagger (strong, 77% to hit)
The blast of sand misses the goblin.
The goblin misses you. The goblin hits you with a +0 dagger.
The goblin closely misses you. The goblin misses you.
The goblin barely misses you. The goblin closely misses you.
The goblin hits you with a +0 dagger. x2
Unknown command.
Casting: Sandblast (safe; 3% risk of failure)
Confirm with . or Enter, or press ? or * to list all spells.
Aiming: Sandblast (safe; 3% risk of failure)
Press: ? - help, Shift-Dir - straight line, f/p - goblin
Aim: a goblin, wielding a +0 dagger (strong, 77% to hit)
The blast of sand hits the goblin.
The goblin is severely wounded.
The goblin closely misses you. The goblin hits you with a +0 dagger.
* * * LOW HITPOINT WARNING * * *
The goblin closely misses you. x2; Robin throws the goblin at you!
* * * LOW HITPOINT WARNING * * *
Casting: Sandblast (safe; 3% risk of failure)
Confirm with . or Enter, or press ? or * to list all spells.
Aiming: Sandblast (safe; 3% risk of failure)
Press: ? - help, Shift-Dir - straight line, f/p - goblin
Aim: a goblin, wielding a +0 dagger (severely wounded, strong, 77% to hit)
The blast of sand misses the goblin.
The blast of sand hits the hobgoblin!
You kill the hobgoblin!
Vehumet accepts your kill.
Vehumet offers you knowledge of Poisonous Vapours.
The goblin closely misses you. The goblin hits you with a +0 club.
You die...

# #.# . #.# #.....# #######.###
#.....# #.........# #.....#
#.#####.#.# #)....# ........#.#
..gg.## ##.######.#####.gS...
##.# #......gg######### ##.#
#.....†g@g.......# ##.#
##......g#####.#.#
##.################.##.#.# #####
......... ......>.#.# #...#
#####.#.###########.#..#.###.#.#
...# .#.......# #.#..#.......#
##.# .#.......#####.#..#####.####
##.# .#......['..................
.#.##.#.......#####.#..#####.####


You could see Robin, a hobgoblin (strong), 6 goblins and a ball python.

Vanquished Creatures
  3 adders (D:2)
  A worm (D:2)
  2 bats
  An endoplasm (D:2)
  3 giant cockroaches (D:2)
  2 goblins
  5 hobgoblins
  A quokka (D:1)
  4 ball pythons
  2 frilled lizards
  4 kobolds
  7 rats
35 creatures vanquished.

Notes
Turn   | Place    | Note
-------+----------+-------------------------------------------
     0 | D:1      | Iwiine the Vampire Earth Elementalist began the quest for
                  | the Orb.
     0 | D:1      | Reached XP level 1. HP: 13/13 MP: 3/3
   195 | D:1      | Found a faded altar of an unknown god.
   211 | D:1      | Prayed at the altar of an unknown god.
   211 | D:1      | Became a worshipper of Vehumet
   211 | D:1      | Reached * piety under Vehumet
   211 | D:1      | Offered knowledge of Foxfire by Vehumet.
   258 | D:1      | Found Mewyumiann's Weapon Shop.
   262 | D:1      | Reached XP level 2. HP: 15/15 MP: 1/5
   743 | D:1      | Found Jonlosch's Vocational Training.
   924 | D:2      | Found Wiosohif's Antique Armour Shoppe.
   924 | D:2      | Found Ofeuras's Jewellery Shop.
  1011 | D:2      | Gained mutation: You are afflicted with vampirism and can
                  | become a bat while bloodless. [Vampire growth]
  1011 | D:2      | Reached XP level 3. HP: 20/20 MP: 4/6
  1125 | D:2      | Found Nyqih's Armour Shoppe.
  1134 | D:2      | Found Bucuudem's Armour Shoppe.
  1169 | D:2      | Found Miwnuurch's Weapon Boutique.
  1300 | D:2      | Reached skill level 1 in Fighting
  1455 | D:2      | Reached skill level 4 in Stealth
  1655 | D:2      | Noticed Robin
  1661 | D:2      | Reached ** piety under Vehumet
  1664 | D:2      | Offered knowledge of Poisonous Vapours by Vehumet.
  1664 | D:2      | Slain by a goblin

Illustrated notes

Levels and vault maps discovered:
D:1:      dpeg_arrival_renting, layout_loops_ring, serial_shops, shop,
          ebering_ecumenical_altar_abandoned, nicolae_shop_vocational
D:2:      layout_basic, serial_shops, shop, shop, nicolae_shop_window_shopping,
          shop, shop, uniq_robin

Skill      XL: |  1  2  3 |
---------------+----------+-----
Fighting       | 1 |  1.1
Stealth        | 4 |  4.0
Dodging        | |  2.3
Spellcasting   | |  2.1
Transmutations | |  1.3
Earth Magic    | |  3.9

Action                   || total
-------------------------++-------
Melee: Unarmed           ||     4
       Punch             ||     1
 Cast: Sandblast         ||    46
 Abil: Exsanguinate      ||     1
Armor: Robe              ||     4
Dodge: Dodged            ||    20
